 Dungeon Crawl Stone Soup version 0.30-a0-1094-g860fb061e7 (webtiles) character file.

Game seed: 11965254229959651790

19281 ragingrage the Slicer (level 12, -12/77 HPs)
             Began as a Tengu Monk on Apr 17, 2023.
             Was a High Priest of Wu Jian.
             Killed from afar by a swamp worm (18 damage)
             ... with a harpoon shot
             ... on level 2 of the Lair of Beasts.
             The game lasted 00:17:59 (10202 turns).

ragingrage the Slicer (Tengu Monk)                 Turns: 10202, Time: 00:17:59

Health: -12/77     AC: 23    Str: 11    XL:     12   Next: 67%
Magic:  13/13      EV:  6    Int: 19    God:    Wu Jian [*****.]
Gold:   792        SH:  5    Dex: 21    Spells: 11/11 levels left

rFire   . . .      SeeInvis .    b - +0 rapier (venom)
rCold   . . .      Faith    .    d - orb {light}
rNeg    . . .      Spirit   .    w - +5 plate armour of the Stallion {Will- Regen+ Int+7}
rPois   +          Reflect  +    (helmet restricted)
rElec   .          Rampage  .    D - +0 cloak
rCorr   .                        x - +0 pair of gloves
Will    .....                    (boots unavailable) Stlth
                                 L - amulet of reflection
HPRegen 1.12/turn                g - ring of poison resistance
MPRegen 0.13/turn                A - ring of willpower

@: flying quickly and evasively, glowing, studying Shields, quick
A: beak, talons 3, nimble flight
a: Renounce Religion, Wall Jump, Serpent's Lash, Heavenly Storm


You were on level 2 of the Lair of Beasts.
You worshipped Wu Jian.
Wu Jian was extremely pleased with you.
You visited 3 branches of the dungeon, and saw 14 of its levels.
You also visited: Bailey.

You collected 792 gold pieces.

Inventory:

Hand Weapons
 a - a +3 short sword of draining
 b - a +0 rapier of venom (weapon)
 f - a +1 arbalest of flaming
 p - a +0 long sword
 E - a +3 dagger
Missiles
 u - 39 poisoned darts (quivered)
 y - 5 atropa-tipped darts
 z - 5 boomerangs
 N - 6 curare-tipped darts
Armour
 d - an orb of light (worn)
 h - a +0 kite shield
 w - the +5 plate armour of the Stallion (worn) {Will- Regen+ Int+7}
   (You found it on level 4 of the Dungeon)

   Int:       It affects your intelligence (+7).
   Regen:     It increases your rate of health regeneration.
   Will:      It decreases your willpower.
 x - a +0 pair of gloves (worn)
 D - a +0 cloak (worn)
 F - a +0 leather armour of cold resistance
 H - the +0 leather armour of Beogh's Displeasure {rElec rPois Dex+4}
   (You found it on level 8 of the Dungeon)

   Dex:       It affects your dexterity (+4).
   rElec:     It insulates you from electricity.
   rPois:     It protects you from poison.
 O - a +0 troll leather armour
Jewellery
 g - a ring of poison resistance (left hand)
 i - a ring of protection from cold
 A - a ring of willpower (right hand)
 I - a ring of wizardry
 L - an amulet of reflection (around neck)
 M - a ring of protection from fire
Wands
 G - a wand of flame (12)
 P - a wand of iceblast (1)
 S - a wand of paralysis (8)
Scrolls
 e - 5 scrolls of amnesia
 k - 3 scrolls of vulnerability
 m - 4 scrolls of teleportation
 n - 3 scrolls of fog
 q - 2 scrolls of acquirement
 r - a scroll of enchant armour {unknown}
 s - 2 scrolls of blinking
 v - 3 scrolls of immolation
 U - a scroll of poison
Potions
 c - 3 potions of ambrosia
 j - a potion of berserk rage
 o - 10 potions of curing
 t - a potion of haste
 B - 2 potions of might
 C - a potion of attraction {unknown}
 K - 4 potions of heal wounds
 Q - a potion of lignification {unknown}
 T - a potion of mutation {unknown}


   Skills:
 - Level 10.0 Fighting
 - Level 13.9(14.9) Short Blades
 + Level 9.0(12.5) Long Blades
 + Level 11.1 Armour
 + Level 5.3 Dodging


You had 11 spell levels left.
You didn't know any spells.
Your spell library contained the following spells:

 Spells                   Type           Power      Damage    Failure   Level
 Apportation              Tloc           0%         N/A       100%        1
 Beastly Appendage        Tmut           0%         N/A       100%        1
 Necrotise                Necr           0%         1d4       100%        1
 Sandblast                Erth           0%         2d4       100%        1
 Summon Small Mammal      Summ           0%         N/A       100%        1
 Passwall                 Tmut/Erth      0%         N/A       100%        2
 Wereblood                Tmut           0%         N/A       100%        2
 Gell's Gravitas          Tloc           0%         N/A       100%        3
 Ozocubu's Armour         Ice            0%         N/A       100%        3
 Spider Form              Tmut/Pois      0%         N/A       100%        3
 Stone Arrow              Conj/Erth      0%         3d7       100%        3
 Animate Armour           Summ/Erth      0%         N/A       100%        4
 Petrify                  Tmut/Erth      0%         N/A       100%        4
 Alistair's Intoxication  Tmut/Pois      0%         N/A       100%        5
 Borgnjor's Vile Clutch   Necr/Erth      0%         N/A       100%        5
 Metabolic Englaciation   Hex/Ice        0%         N/A       100%        5
 Eringya's Noxious Bog    Tmut/Pois      0%         N/A       100%        6
 Simulacrum               Ice/Necr       0%         N/A       100%        6
 Statue Form              Tmut/Erth      0%         N/A       100%        6


Dungeon Overview and Level Annotations

Branches:
Dungeon (11/15)            Temple (1/1) D:5            Lair (2/5) D:8
  Swamp (0/4) Lair:2       Bailey (visited)
  Snake: Lair:2-3    Spider: Lair:2-3       Orc: D:9-12

Altars:
Ashenzari
Cheibriados
Dithmenos
Elyvilon
Fedhas
Gozag
Hepliaklqana
Kikubaaqudgha
Makhleb
Nemelex Xobeh
Okawaru
Qazlal
Ru
Sif Muna
Trog
Uskayaw
Vehumet
Wu Jian
Xom
Yredelemnul
Zin
The Shining One

Annotations:
D:1 exclusion: 2 downstairs
D:2 Terence
D:8 2 transporters
Lair:1 2 exclusions


Innate Abilities, Weirdness & Mutations

You have a beak for a mouth.
You have claws for feet.
Your magical nature lets you fly swiftly and evasively.


Message History

You block the swamp worm's attack.
You hit the swamp worm but do no damage.
The swamp worm is poisoned.
You claw the swamp worm. You peck the swamp worm. The swamp worm bites you!
You spin and attack the swamp worm repeatedly.
You completely miss the swamp worm. You hit the swamp worm.
The swamp worm is poisoned.
You claw the swamp worm.
You spin and attack the swamp worm repeatedly.
You puncture the swamp worm!
The swamp worm looks as sick as possible!
You claw the swamp worm. You hit the swamp worm.
The swamp worm looks as sick as possible!
The swamp worm fires a harpoon shot at you.
The harpoon shot hits you!
You are yanked forward by the harpoon shot.
The swamp worm bites you!
As you read the scroll labelled INIED QEM VAI, it crumbles to dust.
You hear a loud clanging noise!
It was a scroll of noise.
The swamp worm bites you but does no damage. x2
As you read the scroll labelled XETOGGU LIUKKE, it crumbles to dust.
It is a scroll of enchant weapon.
Your +2 short sword of draining glows red for a moment.
The swamp worm bites you!
* * * LOW HITPOINT WARNING * * *
The swamp worm bites you but does no damage.
Unknown command.
As you read the scroll labelled SOIHUHEATUB, it crumbles to dust.
Your body is wracked with pain!
* * * LOW HITPOINT WARNING * * *
The swamp worm convulses! x4; It was a scroll of torment.
You kill the swamp worm!
The Council accepts your kill. The swamp worm bites you!
* * * LOW HITPOINT WARNING * * *
The swamp worm fires a harpoon shot at you.
The harpoon shot hits you but does no damage.
The swamp worm fires a harpoon shot at you.
The harpoon shot hits you!!
You die...

#.....♣♣♣♣♣#♣>♣♣♣♣♣♣♣♣#..#....†.
##.#..♣.♣♣♣♣♣~~♣§§♣..♣##...P....
####...≈♣.♣♣~~§§§§.. ♣....PP...
#...~~..♣♣~§§§§. ♣.....#..#
#♣♣~~~...♣♣§§§§♣ §♣....##...
♣~~~~.§♣ ♣§§§♣§§♣.........
♣~~~~♣.♣♣♣§§§§§♣♣♣.....PPP
♣~≈~≈♣§§§♣ww§.§♣ #.[......
♣≈≈~≈♣§§§@.w~§♣♣ #....#.##
♣≈≈≈♣♣♣♣♣§w~♣♣♣ #.######. ♣♣♣♣♣
♣♣♣♣♣ ### ##


You could see 4 swamp worms.

Vanquished Creatures
  3 hydras (Lair:2)
  A two-headed ogre (D:7)
  Sonja (Lair:1)
  Amaemon (D:8)
  2 orc knights (Bailey)
  A wizard (D:10)
  A cyclops (D:7)
  A black mamba (Lair:1)
  4 cane toads
  An orange demon (D:8)
  An unseen horror zombie (D:9)
  6 komodo dragons
  3 kobold demonologists
  2 trolls (D:10)
  5 blink frogs
  A slime creature (Lair:1)
  A shadow (D:10)
  4 yaks (D:9)
  A basilisk (Lair:1)
  A steam dragon (D:7)
  2 swamp worms (Lair:2)
  8 water moccasins
  12 orc warriors
  2 ice beasts
  3 black bears
  An ogre (D:5)
  5 centaurs
  15 wolves (Lair:1)
  A phantom (D:7)
  Blork the orc (D:5)
  5 kobold brigands (D:9)
  4 bullfrogs
  A necrophage (D:9)
  6 scorpions
  3 wights (D:9)
  4 killer bees (D:10)
  2 howler monkeys
  3 electric eels (Lair:1)
  A crimson imp (D:10)
  3 lava snakes (Lair:1)
  A centaur zombie (D:9)
  6 jellies
  3 orc priests
  A gnoll bouda (D:8)
  3 hounds
  3 sleepcaps
  A human zombie (D:9)
  8 orc wizards
  6 iguanas
  2 killer bee zombies (D:9)
  2 mummies (D:9)
  A howler monkey zombie (D:9)
  7 gnolls
  8 adders
  2 shadow imps
  2 white imps (D:7)
  2 ufetubi (D:7)
  2 worms (D:3)
  2 dart slugs (D:4)
  48 orcs
  5 ball pythons
  2 bats (D:3)
  20 endoplasms
  2 giant cockroaches
  7 goblins
  7 hobgoblins
  4 jackals (D:4)
  2 quokkas (D:4)
  A frilled lizard (D:3)
  14 kobolds
  2 rats (D:1)
299 creatures vanquished.

Vanquished Creatures (others)
  14 fungi
  6 plants
20 creatures vanquished.

Grand Total: 319 creatures vanquished

Notes
Turn   | Place    | Note
-------+----------+-------------------------------------------
     0 | D:1      | ragingrage the Tengu Monk began the quest for the Orb.
     0 | D:1      | Reached XP level 1. HP: 14/14 MP: 2/2
   190 | D:1      | Reached XP level 2. HP: 9/19 MP: 3/3
   272 | D:1      | Reached skill level 4 in Short Blades
  1077 | D:2      | Reached XP level 3. HP: 23/23 MP: 4/4
  1078 | D:2      | Noticed Terence
  1480 | D:3      | Reached skill level 5 in Short Blades
  1563 | D:4      | Reached skill level 1 in Long Blades
  1563 | D:4      | Reached XP level 4. HP: 18/28 MP: 5/5
  1665 | D:4      | Gained mutation: Your magical nature lets you fly swiftly
                  | and evasively. [Tengu growth]
  1665 | D:4      | Reached XP level 5. HP: 21/32 MP: 6/6
  1763 | D:4      | Found an iron altar of Okawaru.
  1885 | D:3      | Reached skill level 6 in Short Blades
  2234 | D:4      | Reached XP level 6. HP: 23/37 MP: 7/7
  2241 | D:4      | Reached skill level 7 in Short Blades
  2445 | D:4      | Identified the +5 plate armour of the Stallion {Will-
                  | Regen+ Int+7}
  2771 | D:4      | Found a shimmering blue altar of Sif Muna.
  2775 | D:4      | Found a shimmering altar of Xom.
  2889 | D:5      | Entered Level 5 of the Dungeon
  2895 | D:5      | Found a blossoming altar of Fedhas.
  2984 | D:5      | Reached skill level 8 in Short Blades
  2984 | D:5      | Reached XP level 7. HP: 24/41 MP: 8/8
  3202 | D:5      | Noticed Blork the orc
  3212 | D:5      | Killed Blork the orc
  3276 | D:5      | Reached skill level 9 in Short Blades
  3293 | D:5      | Found an ornate altar of the Wu Jian Council.
  3319 | D:5      | Became a worshipper of the Wu Jian Council
  3319 | D:5      | Reached * piety under Wu Jian
  3319 | D:5      | Reached ** piety under Wu Jian
  3487 | D:5      | Found a shadowy altar of Dithmenos.
  3540 | D:5      | Found a staircase to the Ecumenical Temple.
  3549 | Temple   | Entered the Ecumenical Temple
  3669 | D:6      | Reached skill level 10 in Short Blades
  3669 | D:6      | Reached XP level 8. HP: 46/46 MP: 9/9
  3763 | D:6      | Found a broken altar of Ashenzari.
  4041 | D:6      | Reached skill level 11 in Short Blades
  4267 | D:7      | Found a radiant altar of Vehumet.
  4658 | D:7      | Reached skill level 12 in Short Blades
  4677 | D:7      | Noticed a two-headed ogre
  4814 | D:7      | Killed a two-headed ogre
  4815 | D:7      | Reached skill level 13 in Short Blades
  4815 | D:7      | Reached XP level 9. HP: 43/50 MP: 10/10
  4950 | D:7      | Noticed a cyclops
  4977 | D:7      | Killed a cyclops
  4978 | D:7      | Reached skill level 1 in Armour
  5149 | D:8      | Found a transporter.
  5166 | D:8      | Noticed Amaemon
  5166 | D:8      | Noticed an orange demon
  5183 | D:8      | Found a transporter.
  5206 | D:8      | Killed Amaemon
  5207 | D:8      | Reached skill level 5 in Dodging
  5207 | D:8      | Reached XP level 10. HP: 27/58 MP: 11/11
  5213 | D:8      | Found a flagged portal.
  5232 | D:8      | Killed an orange demon
  5233 | D:8      | Reached skill level 5 in Fighting
  5253 | D:8      | Identified the +0 leather armour of Beogh's Displeasure
                  | {rElec rPois Dex+4}
  5290 | Bailey   | Entered a bailey
  5303 | Bailey   | Reached *** piety under Wu Jian
  5480 | Bailey   | Reached skill level 5 in Armour
  5610 | Bailey   | Noticed an orc knight
  5610 | Bailey   | Noticed an orc knight
  5746 | Bailey   | Killed an orc knight
  5771 | Bailey   | Killed an orc knight
  6209 | D:8      | Found a staircase to the Lair.
  6366 | D:8      | Found a stormy altar of Qazlal.
  6541 | D:9      | Reached **** piety under Wu Jian
  6571 | D:9      | Reached XP level 11. HP: 67/67 MP: 12/12
  6571 | D:9      | Found an ancient bone altar of Kikubaaqudgha.
  7059 | D:9      | Found a hazy altar of Hepliaklqana.
  7406 | D:10     | Entered Level 10 of the Dungeon
  8081 | D:10     | Noticed a wizard
  8085 | D:11     | Noticed a cyclops
  8097 | D:10     | Killed a wizard
  8108 | D:10     | Got the Collected Works on the Disjunct Caves
  8111 | D:10     | Reached ***** piety under Wu Jian
  8333 | Lair:1   | Entered Level 1 of the Lair of Beasts
  8570 | Lair:1   | Reached skill level 10 in Armour
  8603 | Lair:1   | Noticed Sonja
  8607 | Lair:1   | Killed Sonja
  8623 | Lair:1   | Reached skill level 10 in Fighting
  8738 | Lair:1   | Reached XP level 12. HP: 77/77 MP: 13/13
  9496 | Lair:2   | Reached skill level 5 in Long Blades
  9741 | Lair:2   | Noticed an eight-headed hydra
  9851 | Lair:2   | Noticed a four-headed hydra
  9886 | Lair:2   | Killed a four-headed hydra
 10037 | Lair:2   | Killed an eight-headed hydra
 10073 | Lair:2   | Noticed a six-headed hydra
 10115 | Lair:2   | Killed a six-headed hydra
 10192 | Lair:2   | Found a staircase to the Swamp.
 10202 | Lair:2   | Killed from afar by a swamp worm

Illustrated notes

Levels and vault maps discovered:
D:1:      dpeg_arrival_long_road, layout_basic
D:2:      layout_loops_ring, uniq_terence
D:3:      layout_basic
D:4:      minmay_chambers_of_threes, layout_basic, okawaru_gym_becter,
          minitemple
D:5:      layout_basic, lemuel_crystal_altar, kennysheep_little_box,
          nicolae_wu_jian_wuxing_cycle, minmay_temple_entry_antechambers,
          uniq_blork_the_orc
D:6:      layout_basic, old_standard_altar
D:7:      cheibrodos_barr_body, layout_rooms, nicolae_overflow_crystal_walls
D:8:      gammafunk_cloud_chamber, layout_loops_ring, general_overflow_altar,
          lair_entry_dummy, enter_bailey_2, uniq_amaemon
D:9:      layout_irregular_city, lemuel_mausoleum_altar_kikubaaqudgha,
          old_standard_altar
D:10:     layout_cave_pools, moated_statue, minmay_misc_feat_five,
          kennysheep_cross_bottleneck, lightli_wizard_tower
D:11:     layout_roguey
Temple:   minmay_freezing_vapour_temple
Lair:1:   lemuel_slime, layout_loops_ring, nicolae_lair_liquid_snakes,
          uniq_sonja
Lair:2:   layout_misc_corridors, palyth_hydra_swamp_entry,
          chequers_serial_rivers_micro_c, columned_hall_lemuel,
          serial_bayou_crossing

Skill      XL: |  1  2  3  4  5  6  7  8  9 10 11 12 |
---------------+-------------------------------------+-----
Short Blades   | 4 5 6 8 10 13 | 13.9
Long Blades    | 1 3 9 |  9.0
Armour         | 3 7 10 11 | 11.1
Dodging        | 5 |  5.3
Fighting       | 4 7 10 | 10.0

Action                     |  1- 3 |  4- 6 |  7- 9 | 10-12 || total
---------------------------+-------+-------+-------+-------++-------
  Melee: Short sword       |    66 |    21 |       |   215 ||   302
         Kick              |    22 |    38 |    94 |   387 ||   541
         Peck              |    14 |    18 |    58 |   248 ||   338
         Rapier            |       |    67 |   224 |   550 ||   841
  Throw: Dart              |       |       |     3 |     3 ||     6
 Invoke: Serpent's Lash    |       |       |       |     1 ||     1
Ability: Lunge             |       |       |     7 |    54 ||    61
         Whirlwind         |       |       |     3 |     8 ||    11
  Evoke: Wand              |       |       |     2 |     5 ||     7
    Use: Scroll            |       |     2 |     5 |    10 ||    17
   Stab: Sleeping          |       |       |       |     1 ||     1
 Armour: Robe              |     2 |     8 |       |       ||    10
         Plate armour      |       |     5 |   123 |   347 ||   475
  Dodge: Dodged            |    31 |    45 |    23 |   124 ||   223
  Block: Orb               |       |       |       |    58 ||    58
         Reflection        |       |       |       |     2 ||     2

Table legend: (Time is in decaauts)
 A = Elapsed time spent in this place.
 B = Non-inter-level travel time spent in this place.
 C = Inter-level travel time spent in this place.
 D = Time resting spent in this place.
 E = Time spent auto-exploring this place.
 F = Levels seen in this place.
 G = Mean time per level.
                   A        B        C        D        E       F      G
               +--------+--------+--------+--------+--------+-----+--------+
         Total |   9157 |   8738 |    419 |   1135 |   5414 |  15 |  610.5 |
       Dungeon |   6968 |   6582 |    386 |    815 |   4310 |  11 |  633.5 |
        Temple |      1 |      1 |      0 |      0 |      0 |   1 |    1.0 |
          Lair |   1597 |   1565 |     32 |    230 |    961 |   2 |  798.5 |
        Bailey |    589 |    589 |      0 |     90 |    142 |   1 |  589.0 |
               +--------+--------+--------+--------+--------+-----+--------+

Top non-repeatable levels by time:
     D:1: 1189 daAuts
  Lair:1: 1039 daAuts
     D:9: 1000 daAuts
     D:4: 874 daAuts
     D:7: 728 daAuts
     D:5: 674 daAuts
    D:10: 623 daAuts
     D:6: 592 daAuts
  Bailey: 589 daAuts
     D:8: 576 daAuts
  Lair:2: 558 daAuts
     D:3: 430 daAuts
     D:2: 276 daAuts
    D:11: 1 daAuts
  Temple: 1 daAuts
